 Dungeon Crawl Stone Soup version 0.14-a0-3376-gf173aa4 (webtiles) character file.

5310 Psiweapon the Infuser (level 10, -14/56 HPs)
             Began as a Deep Elf Conjurer on Mar 18, 2014.
             Was a Believer of Vehumet.
             Demolished by a komodo dragon (20 damage)
             ... on Level 1 of the Lair of Beasts on Mar 20, 2014.
             The game lasted 00:49:40 (8768 turns).

Psiweapon the Infuser (Deep Elf Conjurer)           Turns: 8768, Time: 00:49:40

HP -14/56        AC  8     Str  8      XL: 10   Next: 20%
MP   8/31        EV 15     Int 21      God: Vehumet [**....]
Gold 655         SH  0     Dex 15      Spells:  5 memorised, 14 levels left

rFire  + . .     SeeInvis .     c - +5,+10 mace of Dried Tears {drain, rN+ Stlth++}
rCold  . . .     Clarity  .     N - +1 leather armour {rF+}
rNeg   + . .     Conserve .     (no shield)
rPois  .         rCorr    .     A - +0 helmet
rElec  .         rRot     .     p - +0 cloak
SustAb . .       Spirit   .     F - +0 pair of gloves
rMut   .         Warding  .     x - +0 pair of boots
Saprov . . .     Stasis   .     (no amulet)
MR     +....                    (no ring)
                                n - ring of teleport control

@: non-regenerating, badly diseased, somewhat resistant to hostile enchantments,
quite stealthy
A: no striking features
a: Renounce Religion, Evoke Teleport Control


You were on level 1 of the Lair of Beasts.
You worshipped Vehumet.
Vehumet was pleased with you.
You were not hungry.

You visited 3 branches of the dungeon, and saw 11 of its levels.
You also visited: Sewer.

You collected 655 gold pieces.

Inventory:

Hand weapons
 c - the +5,+10 mace of Dried Tears (weapon) {drain, rN+ Stlth++}
   (You took it off an orc on level 8 of the Dungeon)

   A truly terrible weapon, it drains the life of those it strikes.
   It protects you from negative energy.
   It makes you much more stealthy.
 e - a +1,+1 scimitar of draining
 h - a +1,+1 dagger of freezing
 v - a +0 blowgun
Missiles
 t - 12 darts of frost (quivered)
 z - 8 poisoned needles
Armour
 p - a +0 cloak (worn)
 x - a +0 pair of boots (worn)
 A - a +0 helmet (worn)
 F - a +0 pair of gloves (worn)
 N - a +1 leather armour of fire resistance (worn)
Magical devices
 d - a wand of confusion (10)
 m - a wand of flame (2)
 D - a wand of cold (9)
 H - a wand of disintegration (6)
 J - a wand of paralysis (18)
Comestibles
 b - 5 bread rations
 i - 3 meat rations
 r - an apple
 u - 2 chokos
Scrolls
 k - 3 scrolls of identify
 o - 2 scrolls of fog
 s - 4 scrolls of teleportation
 w - a scroll of random uselessness {unknown}
 y - 2 scrolls of fear {unknown}
 B - a scroll of magic mapping {unknown}
 C - 4 scrolls of remove curse
 G - a scroll of immolation
Jewellery
 n - a ring of teleport control (left hand)
Potions
 f - 3 potions of heal wounds
 g - 8 potions of curing
 j - 5 potions of restore abilities
 l - a potion of haste
 q - a potion of brilliance
 E - 3 potions of invisibility
 I - 2 potions of agility
Rods
 a - a -3 rod of clouds (9/9)
   (You found it on level 8 of the Dungeon)


   Skills:
 + Level 4.1 Fighting
 + Level 7.6 Dodging
 - Level 2.4 Stealth
 - Level 10.4 Spellcasting
 + Level 8.4 Conjurations
 - Level 10.8 Charms


You had 14 spell levels left.
You knew the following spells:

 Your Spells              Type           Power        Failure   Level  Hunger
a - Magic Dart            Conj           ####         1%          1    None
b - Searing Ray           Conj           #####.       1%          2    None
c - Iskenderun's Battles  Conj/Chrm      ######..     3%          5    ####...
d - Dazzling Spray        Conj/Hex       ####....     3%          3    None
e - Iskenderun's Mystic   Conj           #####...     1%          4    ##.....


Dungeon Overview and Level Annotations

Branches:
Dungeon (9/15)             Temple (1/1) D:7            Lair (1/8) D:8
    Orc: D:9-12

Altars:
Ashenzari
Cheibriados
Elyvilon
Kikubaaqudgha
Makhleb
Nemelex Xobeh
Okawaru
Sif Muna
Trog
Vehumet
Xom
Zin
The Shining One

Shops:
D:5 *


Message History

Vehumet accepts your kill.
You feel your power returning. The yak gores you!
You sock the yak! You drain the yak!
You kill the yak!
Vehumet accepts your kill.
You feel your power returning. The sheep bites you.
The komodo dragon closely misses you.
You hit the komodo dragon. You drain the komodo dragon!
The komodo dragon is lightly wounded.
The komodo dragon bites you!
* * * LOW HITPOINT WARNING * * *
You feel ill.
Drink which item? (? for menu, Esc to quit)
You feel much better. The komodo dragon bites you!
* * * LOW HITPOINT WARNING * * *
You feel ill.
You barely miss the komodo dragon.
The komodo dragon is lightly wounded.
The komodo dragon bites you!
You die...

... .. ....... ♣.. ..##.......
P♣. ...#.......# ♣P
#...#.......#.. . P♣ ..
................ .. .♣ ...
.............# ....♣ ..### #
#...........#+. +###.+#
.P...####$####..@........ .......
..>..........#.l+#.#.............
.# ..........#.....+.............
.#.....%.......#...+.............
.#...........#%##...#............
.%..........+#....###............
.##.#.#.....#....................
...##########....................
.................................


You could see a komodo dragon.

Vanquished Creatures
  The ghost of Sabsy the Covert, an experienced SpAs of Dithmenos (D:7)
  A spiny frog (Lair:1)
  3 yaks (Lair:1)
  A hippogriff (Lair:1)
  A hill giant skeleton (D:8)
  A deep elf fighter (D:8)
  A hungry ghost (D:8)
  2 water moccasins (Lair:1)
  3 orc warriors
  A sky beast (D:5)
  An ice beast (D:9)
  A centaur (D:5)
  Duvessa (D:5)
  2 crocodiles
  4 ogres
  A giant frog (D:7)
  Blork the orc (D:8)
  A scorpion (D:7)
  3 wights (D:6)
  2 goliath beetles (D:6)
  A crimson imp (D:5)
  Dowan (D:5)
  2 jellies
  A black bear zombie (D:8)
  A centaur zombie (D:7)
  4 hounds
  5 orc wizards
  A gnoll shaman (D:8)
  3 orc priests
  9 worker ants
  11 sheep (Lair:1)
  Terence (D:2)
  A mummy (D:6)
  8 adders
  8 gnolls
  4 green rats
  A scorpion zombie (D:6)
  3 orc zombies
  A shadow imp (D:6)
  3 worms
  2 giant mites (D:6)
  An iguana skeleton (D:8)
  A gnoll zombie (D:7)
  An orc skeleton (D:5)
  4 giant geckos
  3 oozes
  33 orcs
  20 bats
  A bat zombie (D:7)
  7 hobgoblins
  14 jackals
  12 kobolds
  A quokka (D:4)
  3 ball pythons
  2 giant cockroaches (D:3)
  A giant gecko zombie (D:5)
  4 giant newts
  11 goblins
  A hobgoblin zombie (D:6)
  A kobold zombie (D:6)
  29 rats
253 creatures vanquished.

Notes
Turn   | Place    | Note
--------------------------------------------------------------
     0 | D:1      | Psiweapon, the Deep Elf Conjurer, began the quest for the Orb.
     0 | D:1      | Reached XP level 1. HP: 10/10 MP: 5/5
   496 | D:1      | Reached XP level 2. HP: 15/15 MP: 6/8
   687 | D:2      | Learned a level 2 spell: Searing Ray
  1110 | D:2      | Noticed Terence
  1116 | D:2      | Killed Terence
  1116 | D:2      | Reached XP level 3. HP: 15/19 MP: 5/10
  1323 | D:3      | Reached skill level 5 in Conjurations
  1328 | D:3      | Reached XP level 4. HP: 24/24 MP: 1/13
  1856 | D:3      | Reached skill level 6 in Conjurations
  1856 | D:3      | Reached XP level 5. HP: 21/28 MP: 1/16
  2052 | D:3      | Learned a level 5 spell: Iskenderun's Battlesphere
  2302 | D:4      | Noticed an ogre
  2310 | D:4      | Killed an ogre
  2467 | D:4      | Reached XP level 6. HP: 32/32 MP: 15/20
  2841 | D:5      | Entered Level 5 of the Dungeon
  2850 | D:5      | Reached skill level 5 in Spellcasting
  2860 | D:5      | Reached skill level 5 in Charms
  2988 | D:5      | Found Koyd's Assorted Antiques.
  3259 | D:5      | Reached XP level 7. HP: 36/36 MP: 18/23
  3479 | D:5      | Noticed Dowan
  3483 | D:5      | Noticed Duvessa
  3488 | D:5      | Killed Dowan
  3491 | D:5      | Killed Duvessa
  4024 | D:5      | Reached skill level 7 in Spellcasting
  4136 | D:5      | Found a glowing silver altar of Zin.
  4172 | D:6      | Found a glowing drain.
  4278 | Sewer    | Entered a sewer
  4289 | Sewer    | Learned a level 3 spell: Dazzling Spray
  4325 | Sewer    | Reached XP level 8. HP: 41/41 MP: 17/27
  4488 | D:6      | Reached skill level 8 in Charms
  5233 | D:6      | Reached skill level 9 in Charms
  5643 | D:7      | Noticed Sabsy's ghost (experienced SpAs)
  5654 | D:7      | Killed Sabsy's ghost
  5654 | D:7      | Reached skill level 10 in Spellcasting
  5654 | D:7      | Reached skill level 10 in Charms
  5826 | D:7      | Reached XP level 9. HP: 16/45 MP: 16/30
  6165 | D:7      | Found a staircase to the Ecumenical Temple.
  6183 | Temple   | Entered the Ecumenical Temple
  6249 | Temple   | Became a worshipper of Vehumet
  6265 | Temple   | Learned a level 4 spell: Iskenderun's Mystic Blast
  6955 | D:8      | Identified a -3 rod of clouds (9/9) (You found it on level 8 of the Dungeon)
  7063 | D:8      | Reached skill level 1 in Fighting
  7247 | D:8      | Reached skill level 5 in Dodging
  7282 | D:8      | Acquired Vehumet's first power
  7282 | D:8      | Offered knowledge of Shock by Vehumet.
  7453 | D:8      | Noticed Blork the orc
  7457 | D:8      | Killed Blork the orc
  7519 | D:8      | Upgraded the game from 0.14-a0-3350-g14ab857 to 0.14-a0-3376-gf173aa4
  7700 | D:8      | Found a staircase to the Lair.
  7893 | D:8      | Got a transparent mace
  7894 | D:8      | Identified the +5,+10 mace of Dried Tears {drain, rN+ Stlth++} (You took it off an orc on level 8 of the Dungeon)
  8085 | D:9      | Offered knowledge of Freeze by Vehumet.
  8145 | D:9      | Noticed a hill giant
  8234 | Lair:1   | Entered Level 1 of the Lair of Beasts
  8453 | Lair:1   | Noticed a spiny frog
  8458 | Lair:1   | Killed a spiny frog
  8459 | Lair:1   | Reached XP level 10. HP: 56/56 MP: 16/31
  8463 | Lair:1   | Offered knowledge of Throw Frost by Vehumet.
  8768 | Lair:1   | Demolished by a komodo dragon

Action                   |  1- 3 |  4- 6 |  7- 9 | 10-12 || total
-------------------------+-------+-------+-------+-------++-------
Melee: Dagger            |     5 |     7 |    37 |       ||    49
       Unarmed           |     1 |       |       |       ||     1
       Rod               |       |       |     3 |       ||     3
       Mace              |       |       |       |    11 ||    11
 Cast: Magic Dart        |    43 |    72 |   239 |    13 ||   367
       Searing Ray       |     4 |    16 |    25 |       ||    45
       Iskenderun's Batt |       |       |    27 |     3 ||    30
       Dazzling Spray    |       |       |    12 |     2 ||    14
       Iskenderun's Myst |       |       |    23 |     9 ||    32
 Abil: Evoke Teleport Co |     1 |       |       |       ||     1
Evoke: Wand              |       |     1 |     6 |     2 ||     9
       Rod               |       |       |     1 |       ||     1
  Use: Scroll            |    13 |     3 |     6 |       ||    22
       Potion            |       |     2 |     1 |     1 ||     4
 Stab: Sleeping          |     1 |       |     2 |       ||     3
       Invisible         |       |       |     3 |       ||     3
